[Event "Early-Titled-Tuesday-Blitz-May-14-2024"]
[Site "Chess.com"]
[Date "2024.05.14"]
[Round "4"]
[White "Smiechu"]
[Black "GMSrinath"]
[Result "0-1"]
[WhiteElo "2509"]
[BlackElo "2834"]
[TimeControl "180+1"]
[EndTime "8:41:09 PDT"]
[Termination "GMSrinath won by resignation"]

1. e4 c5 2. Nf3 d6 3. d4 cxd4 4. Nxd4 Nf6 5. Nc3 Nc6 6. Be3 Ng4 7. Bb5 Nxe3 8. fxe3 Bd7 9. Bxc6 bxc6 10. O-O e6 11. e5 Be7 12. exd6 Bxd6 13. Ne4 Be7 14. Nb3 O-O 15. Nbc5 Bc8 16. Qxd8 Rxd8 17. Rad1 Rxd1 18.
Rxd1 f5 19. Nd6 e5 20. b4 a5 21. a3 axb4 22. axb4 f4 23. exf4 Bg4 24. Rd2 exf4 25.
h3 Ra1+ 26. Kh2 Rd1 27. Rxd1 Bxd1 28. Nf5 Bf6 29. Nd7 Bc3 30. Ne7+ Kf7 31. Nxc6 Bxc2 32. b5 Ba4 33. Na7 Bd4 34. Nc8 Ke8 35. Nb8 f3 36. Nd6+ Kf8 37. Nd7+ Ke7 38. Nf5+ Kxd7 39. Nxd4 f2 0-1

[Event "Early-Titled-Tuesday-Blitz-May-14-2024"]
[Site "Chess.com"]
[Date "2024.05.14"]
[Round "4"]
[White "GM_dmitrij"]
[Black "the_chess_child"]
[Result "0-1"]
[WhiteElo "3019"]
[BlackElo "2874"]
[TimeControl "180+1"]
[EndTime "8:41:10 PDT"]
[Termination "the_chess_child won by checkmate"]

1. e4 c5 2. Nf3 e6 3. c3 Nf6 4.
e5 Nd5 5. d4 cxd4 6. cxd4 d6 7.
Bc4 Nc6 8. O-O Be7 9. Qe2 O-O 10.
Nc3 Nxc3 11. bxc3 Qa5 12. Rb1 Qxc3 13. Rb3 Qa5 14. Bd3 dxe5 15. Bxh7+ Kxh7 16. Ng5+ Bxg5 17. Bxg5 f6 18. f4 Nxd4 19. Qh5+ Kg8 20. Rh3 exf4 21. Qh7+ Kf7 22. Bxf6 Kxf6 23. Rxf4+ Nf5 24. Rhf3 Qc5+ 25. Kh1 Bd7 26. Qh4+ Kf7 27. g4 Rh8 28. Qg5 Qc1+ 29.
Kg2 Qd2+ 30. Rf2 Bc6+ 31. Kg1 Qc1+ 32. Rf1 Qc5+ 33. R1f2 Rad8 34. h4 Rd1+ 35. Kh2 Rh1# 0-1

[Event "Early-Titled-Tuesday-Blitz-May-14-2024"]
[Site "Chess.com"]
[Date "2024.05.14"]
[Round "4"]
[White "Bauman_Guy"]
[Black "DenLaz"]
[Result "0-1"]
[WhiteElo "2889"]
[BlackElo "3119"]
[TimeControl "180+1"]
[EndTime "8:41:11 PDT"]
[Termination "DenLaz won by resignation"]

1. e4 c5 2. Nf3 e6 3. d4 cxd4 4. Nxd4 Nc6 5. Nc3 Qc7 6. Nxc6 bxc6 7. Bd3 Nf6 8. Qe2 e5 9. O-O Be7 10. f4 d6 11. Kh1 O-O 12. b3 a5 13. Bb2 Nd7 14. Na4 exf4 15. Rxf4 Ne5 16. Raf1 Be6 17. c4 f6 18. Nc3 Rad8 19. Bc2 Rfe8 20. Qd1 Bf8 21.
Qe1 Bf7 22. Qg3 Bg6 23. R4f2 Kh8 24. Ne2 Nd7 25. Nf4 Bxe4 26. Bxe4 Rxe4 27. Qh3 Rde8 28. Nh5 Qd8 29. g3 Re1 30. Qg2 Rxf1+ 31. Rxf1 Ne5 32.
Nf4 Qd7 33. h3 a4 34. g4 axb3 35. axb3 Qb7 36. g5 fxg5 37. Bxe5 gxf4 38. Bxf4 Qxb3 39.
c5 dxc5 40. Be5 Qd5 41. Rf3 Qxe5 0-1

[Event "Early-Titled-Tuesday-Blitz-May-14-2024"]
[Site "Chess.com"]
[Date "2024.05.14"]
[Round "4"]
[White "shrek4life02"]
[Black "Kirill_Klukin"]
[Result "0-1"]
[WhiteElo "2604"]
[BlackElo "2821"]
[TimeControl "180+1"]
[EndTime "8:41:11 PDT"]
[Termination "Kirill_Klukin won on time"]

1. d4 Nf6 2. c4 Nc6 3. d5 Ne5 4. Nd2 e6 5. Ngf3 Nxf3+ 6. Nxf3 exd5 7. cxd5 Bb4+ 8. Bd2 Nxd5 9. e4 Qe7 10. Bd3 Nf4 11. Bxb4 Qxb4+ 12. Kf1 O-O 13. b3 Qc3 14. Bc4 d5 15.
Rc1 Qf6 16. exd5 Bg4 17. h3 Bh5 18. g4 Bg6 19. Qd4 Qd6 20. Qe5 Rfe8 21. Qxd6 cxd6 22.
Bb5 Rec8 23. Re1 a6 24. Be2 Nxe2 25. Kxe2 Rc2+ 26. Kf1 Rxa2 27. Re7 h6 28. Rxb7 Rc8 29. Kg2 Be4 30. Re1 Bxd5 31. Rbe7 Rcc2 32. Kg3 Rxf2 33. R1e3 g5 34. h4 Bxf3 35. Kh3 Bd5 36. hxg5 hxg5 37. Re8+ Kg7 38. b4 Rh2+ 0-1

[Event "Early-Titled-Tuesday-Blitz-May-14-2024"]
[Site "Chess.com"]
[Date "2024.05.14"]
[Round "4"]
[White "yobdc"]
[Black "nitpicker"]
[Result "1-0"]
[WhiteElo "2504"]
[BlackElo "2280"]
[TimeControl "180+1"]
[EndTime "8:41:12 PDT"]
[Termination "yobdc won on time"]

1. e4 c5 2. Nf3 Nc6 3. Bb5 Nf6 4. Bxc6 dxc6 5. d3 g6 6. h3 Bg7 7. Nc3 O-O 8. Be3 Nd7 9. Qd2 e5 10. O-O Qe7 11. Bh6 Re8 12. Nh2 Nf8 13. Bxg7 Kxg7 14. f4 f6 15. Kh1 Bd7 16. Nd1 b6 17. Ne3 exf4 18. Rxf4 Ne6 19. Rf2 h5 20. g4 h4 21. Nf3 Qd6 22. Rg1 Nf4 23. e5 fxe5 24. Nc4 Qd5 25. Ne3 Qd6 26. Ng5 Qe7 27. Ne4 Nxh3 28.
g5 Nxf2+ 29. Qxf2 Rf8 30. Nf6 Rxf6 31. gxf6+ Qxf6 32. Qg2 h3 33. Qe4 Rh8 34. Nc4 Rh5 35.
Re1 Be6 36. Ne3 Bd5 37. Nxd5 cxd5 38. Qxd5 h2 39. Qe4 Qf2 40. Qe2 1-0

[Event "Early-Titled-Tuesday-Blitz-May-14-2024"]
[Site "Chess.com"]
[Date "2024.05.14"]
[Round "4"]
[White "yuriydovzik"]
[Black "David_ATM"]
[Result "0-1"]
[WhiteElo "2150"]
[BlackElo "2454"]
[TimeControl "180+1"]
[EndTime "8:41:13 PDT"]
[Termination "David_ATM won on time"]

1. b3 Nf6 2. Bb2 g6 3. d4 Bg7 4. Nf3 O-O 5. g3 b6 6. Bg2 Bb7 7.
O-O d5 8. c4 e6 9. Nbd2 Nbd7 10. Rc1 c5 11. cxd5 Nxd5 12. Nc4 Qe7 13. e4 N5f6 14.
e5 Nd5 15. Nd6 Ba6 16. Re1 cxd4 17. Bxd4 Nxe5 18. Bxe5 Bxe5 19. Nf5 gxf5 20. Nxe5 Rac8 21. Bxd5 exd5 22. Nc6 Qf6 23. Ne7+ Kh8 24. Nxc8 Bxc8 25.
Qxd5 Be6 26. Qe5 Kg7 27. Rc7 Ra8 28. f4 Qxe5 29. Rxe5 Kf6 30. Kf2 h5 31. Re3 a5 32.
Rb7 Ra6 33. a4 Kg6 34. h4 Kf6 35. Ke1 Kg6 36. Kd2 Kf6 37. Kc3 Ra8 38. Kb2 Rd8 39. Rxb6 Rd2+ 40. Ka3 Rd1 41. Rb5 Ra1+ 42. Kb2 Rg1 43.
Rxa5 Rg2+ 44. Ka3 Rg1 0-1

[Event "Early-Titled-Tuesday-Blitz-May-14-2024"]
[Site "Chess.com"]
[Date "2024.05.14"]
[Round "4"]
[White "Skatchkov_V"]
[Black "ulises2013"]
[Result "1-0"]
[WhiteElo "2637"]
[BlackElo "2914"]
[TimeControl "180+1"]
[EndTime "8:41:14 PDT"]
[Termination "Skatchkov_V won by checkmate"]

1. d4 g6 2. e4 Bg7 3. Nf3 c5 4. d5 d6 5. Nc3 Nf6 6. Be2 O-O 7. a4 e6 8. O-O exd5 9. exd5 Na6 10. Bf4 Nb4 11. Nb5 a6 12. Nxd6 Nh5 13. Qd2 Nxd5 14.
Be5 Bxe5 15. Nxe5 Qxd6 16. Nc4 Qe6 17. Bxh5 gxh5 18. Rfe1 Qc6 19. Na5 Qd7 20. Rad1 b6 21.
Qg5+ Kh8 22. Rxd5 Qg4 23. Qf6+ Qg7 24. Qxb6 Bh3 25. g3 Rab8 26. Qxc5 Be6 27. Rg5 Qxb2 28. c3 Ba2 29. Qd4+ f6 30. Rxh5 Rbd8 31. Qe4 Rf7 32. Nc6 Rg8 33. Qf5 Qxc3 34. Qe4 Rd7 35. Ne7 Rg7 36. Ng6+ Kg8 37. Qe8# 1-0

[Event "Early-Titled-Tuesday-Blitz-May-14-2024"]
[Site "Chess.com"]
[Date "2024.05.14"]
[Round "4"]
[White "DishonorOnYourCow"]
[Black "ckgchess"]
[Result "1-0"]
[WhiteElo "2527"]
[BlackElo "2835"]
[TimeControl "180+1"]
[EndTime "8:41:14 PDT"]
[Termination "DishonorOnYourCow won by checkmate"]

1. d4 a5 2. c4 Ra6 3. Nc3 Rg6 4. e4 e6 5. Nf3 Bb4 6. Ne5 Rf6 7. Bd3 c5 8. a3 Bxc3+ 9. bxc3 d6 10. Nf3 Ne7 11.
e5 dxe5 12. dxe5 Rg6 13. Bxg6 Qxd1+ 14. Kxd1 hxg6 15. Rb1 Nd7 16. Be3 b6 17. Ke2 Ba6 18. Nd2 Nc6 19. f4 g5 20. g3 Ke7 21. h4 gxf4 22. gxf4 g6 23. Kf2 a4 24. Rxb6 Nxb6 25. Bxc5+ Kd7 26. Bxb6 Rb8 27. c5 Ne7 28. Ne4 Kc6 29.
Nd6 Nd5 30. Nxf7 Nxb6 31. cxb6 Rxb6 32. Rd1 Rb3 33. Nd8+ Kb5 34. Nxe6 Rxa3 35. Nc7+ Ka5 36. Nxa6 Kxa6 37. e6 Ra2+ 38. Ke3 Rc2 39. e7 Rxc3+ 40. Rd3 Rc1 41. Kd2 Rc7 42. e8=Q g5 43. Qxa4+ Kb7 44. Rb3+ Kc8 45. Qe8# 1-0

[Event "Early-Titled-Tuesday-Blitz-May-14-2024"]
[Site "Chess.com"]
[Date "2024.05.14"]
[Round "4"]
[White "Mihajlovskij"]
[Black "DumbKing75"]
[Result "0-1"]
[WhiteElo "2249"]
[BlackElo "2661"]
[TimeControl "180+1"]
[EndTime "8:41:15 PDT"]
[Termination "DumbKing75 won by resignation"]

1. e4 c5 2. Nf3 d6 3. d4 cxd4 4.
Qxd4 Nf6 5. c4 Nc6 6. Qd3 g6 7. Nc3 Bg7 8. Be2 Bg4 9. h3 Bxf3 10. Qxf3 Nd4 11. Qd3 Nxe2 12. Qxe2 O-O 13. O-O Qa5 14. Bd2 Rfc8 15. Rfc1 a6 16. Rab1 Qd8 17. a4 Nd7 18. b3 Nc5 19. f3 Ne6 20. Qd3 h5 21. Be3 Nc5 22. Qc2 Kh7 23. b4 Nd7 24. Nd5 e6 25.
Nc3 Rxc4 26. Qd3 Rac8 27. Ne2 Ne5 28. Qd1 Rxc1 29. Rxc1 Rxc1 30. Qxc1 d5 31. exd5 Qxd5 32. Nf4 Qb3 33. Bd2 Nc4 34. b5 axb5 35. axb5 Qxb5 36.
Bc3 Qc5+ 37. Kh1 Nd6 38. Ne2 Nb5 39. Bxg7 Qxc1+ 40. Nxc1 Kxg7 41. Kg1 Kf6 42. Kf2 Ke5 43. Ke3 Kd5 44. Nd3 Nd6 45. g4 hxg4 46. fxg4 g5 47. Nb4+ Kc4 48. Nd3 b5 49. Ne5+ Kd5 50. Nf3 f6 51. h4 gxh4 52. Nxh4 b4 53. Kd3 Nc4 54. Nf3 Ne5+ 55. Nxe5 Kxe5 56. Kc4 Kf4 57. Kxb4 0-1

[Event "Early-Titled-Tuesday-Blitz-May-14-2024"]
[Site "Chess.com"]
[Date "2024.05.14"]
[Round "4"]
[White "Grossboss19"]
[Black "nrvisakh"]
[Result "0-1"]
[WhiteElo "2630"]
[BlackElo "2926"]
[TimeControl "180+1"]
[EndTime "8:41:16 PDT"]
[Termination "nrvisakh won on time"]

1. Nf3 Nf6 2. b3 a5 3. a4 g6 4.
Bb2 Bg7 5. g3 d6 6. Bg2 e5 7. O-O O-O 8. d4 Nc6 9. c4 Bg4 10. Nbd2 exd4 11. Nxd4 Qe8 12. N4f3 Nb4 13. Re1 Qe7 14. h3 Bd7 15. Bc3 Rae8 16. Qc1 Bc6 17.
Qb2 Nh5 18. Bxg7 Nxg7 19. Rad1 f5 20. Nd4 Bxg2 21. Kxg2 Qf6 22. Qc3 Ne6 23. N2f3 Nc5 24. e3 Rf7 25. Rb1 Rfe7 26. Nb5 Qe6 27. Red1 Qe4 28. Qd4 Qc6 29. Qh4 Ne6 30. Nd4 Nxd4 31. Qxd4 g5 32. g4 Rf8 33. Kg3 Re4 34. Qc3 fxg4 35.
Nxg5 Re5 36. f4 Rxg5 37. hxg4 Rg7 38. g5 Qe4 39. Rd4 Qxb1 0-1

[Event "Early-Titled-Tuesday-Blitz-May-14-2024"]
[Site "Chess.com"]
[Date "2024.05.14"]
[Round "4"]
[White "Meri-Arabidze"]
[Black "hakanazeri2"]
[Result "0-1"]
[WhiteElo "2699"]
[BlackElo "2569"]
[TimeControl "180+1"]
[EndTime "8:41:18 PDT"]
[Termination "hakanazeri2 won on time"]

1. Nf3 d5 2. c4 d4 3. b4 c5 4. b5 Nf6 5. g3 b6 6. Bg2 Bb7 7. O-O Nbd7 8. d3 e5 9. e3 Be7 10. a4 O-O 11. a5 bxa5 12. Bd2 dxe3 13. Bxe3 a6 14. Nc3 Qc7 15. Qa4 axb5 16. Nxb5 Qc6 17. Nh4 Qb6 18. Nf5 Rfe8 19. Bxb7 Qxb7 20. Nbd6 Bxd6 21. Nxd6 Qf3 22. Nxe8 Rxe8 23. Qd1 Qa8 24. Bd2 h5 25. Rxa5 Qc6 26. Bg5 e4 27. Bxf6 Nxf6 28.
dxe4 Rxe4 29. Re1 Rd4 30. Qe2 h4 31. Rb5 g6 32. Rb8+ Kg7 33. Qe7 Nd7 34. Rb3 h3 35. f3 Rxc4 36. Rd3 Rd4 37. Rxd4 cxd4 38. Qe4 Qc5 39. Rd1 d3+ 40. Kf1 Qc2 41. Qxd3 Qg2+ 42.
Ke1 Ne5 43. Qc3 f6 44. Rd8 Nxf3+ 45. Kd1 Qh1+ 46. Kc2 Qxh2+ 47. Kb3 Qxg3 48. Rd7+ Kh6 49. Qe3+ g5 50. Rd3 h2 0-1

[Event "Early-Titled-Tuesday-Blitz-May-14-2024"]
[Site "Chess.com"]
[Date "2024.05.14"]
[Round "4"]
[White "agvega14"]
[Black "Vesper2018"]
[Result "0-1"]
[WhiteElo "2154"]
[BlackElo "2555"]
[TimeControl "180+1"]
[EndTime "8:41:18 PDT"]
[Termination "Vesper2018 won by checkmate"]

1. e4 c5 2. Nf3 d6 3. c3 Nf6 4. Be2 Nbd7 5. d3 g6 6. O-O Bg7 7. h3 O-O 8. Be3 b6 9. Nbd2 Bb7 10. Qc2 Ne5 11. d4 cxd4 12. cxd4 Nxf3+ 13. Bxf3 Nd7 14. Rac1 Rc8 15. Qa4 a6 16. Qa3 b5 17. b3 a5 18.
Rxc8 Bxc8 19. Rc1 Bb7 20. Be2 b4 21. Qa4 f5 22. f3 fxe4 23. fxe4 Kh8 24. Qb5 Ba8 25.
Bg4 Nf6 26. Bf3 e6 27. Bg5 h6 28. Bh4 g5 29. Bf2 Nd7 30. Be3 Rf7 31. Nc4 Bf8 32.
Nxa5 Qb6 33. Qxb6 Nxb6 34. Rc8 Nxc8 35. Nc4 Rc7 36. Kf2 d5 37. exd5 Bxd5 38. Ne5 Rc2+ 39. Kg3 Rxa2 40. Bh5 Nd6 41. Ng6+ Kg7 42. Bf2 Ne4+ 43.
Kg4 Nxf2+ 44. Kg3 Ne4+ 45. Kg4 Nf6+ 46. Kg3 Rxg2# 0-1

[Event "Early-Titled-Tuesday-Blitz-May-14-2024"]
[Site "Chess.com"]
[Date "2024.05.14"]
[Round "4"]
[White "tarno17"]
[Black "rollercoaster29"]
[Result "0-1"]
[WhiteElo "2164"]
[BlackElo "2457"]
[TimeControl "180+1"]
[EndTime "8:41:18 PDT"]
[Termination "rollercoaster29 won by checkmate"]

1. e4 c5 2. Nf3 d6 3. Bb5+ Bd7 4.
Bxd7+ Nxd7 5. O-O Ngf6 6. d3 g6 7. Nc3 Bg7 8. Ne2 O-O 9. Ng3 b5 10. Be3 Ng4 11. c3 Rb8 12. d4 b4 13. Bf4 Qb6 14.
h3 Ngf6 15. Qd2 a5 16. e5 Nd5 17. Bh6 bxc3 18. bxc3 Qb2 19. Qg5 f6 20. exf6 N7xf6 21. Bxg7 Kxg7 22. Nf5+ Kh8 23. Nh6 Qc2 24. dxc5 dxc5 25.
Ne5 Kg7 26. Nf5+ Qxf5 27. Qg3 Nf4 28. Nc6 Ne2+ 29. Kh2 Nxg3 30. fxg3 Qe4 31. Nxb8 Rxb8 32. Rae1 Qb7 33. Re6 Rf8 34. Rfe1 Rf7 35. g4 Nd5 36. g3 Nxc3 37. Kg1 Nb5 38. g5 Nd4 39. R6e3 Nf3+ 40. Kf2 Nxe1+ 41. Kxe1 Qh1+ 42. Kd2 Rf2+ 43.
Kd3 Qd5+ 44. Kc3 Qd4+ 45. Kb3 Rb2+ 46. Ka3 Qb4# 0-1

[Event "Early-Titled-Tuesday-Blitz-May-14-2024"]
[Site "Chess.com"]
[Date "2024.05.14"]
[Round "4"]
[White "TigranMukhutdinov"]
[Black "tjychess"]
[Result "0-1"]
[WhiteElo "2722"]
[BlackElo "2949"]
[TimeControl "180+1"]
[EndTime "8:41:19 PDT"]
[Termination "tjychess won by resignation"]

1. Nf3 d5 2. g3 Nf6 3. Bg2 c6 4. c4 dxc4 5. Qc2 Qd5 6. Nc3 Qf5 7. e4 Qa5 8. O-O Bg4 9. Nd1 Qh5 10. Nd4 e5 11.
Nf5 Be2 12. f3 Bxf1 13. Kxf1 Qxh2 14. Qxc4 g6 15. Qb3 Nbd7 16. Nfe3 O-O-O 17. Kf2 Nh5 18. Nf1 Nc5 19. Nxh2 Nxb3 20. axb3 Bc5+ 21. Ne3 Rd3 22.
Nf1 Rhd8 23. Ke2 Rxb3 24. Bh3+ Kc7 25. Ra5 Bd4 26. Ra2 b5 27. Nc2 Bc5 28. Na1 Rbd3 29. b3 Kb7 30. Rc2 Bb6 31. Bb2 f6 32. Bc3 a5 33. b4 a4 34. Ra2 R3d6 35. Nc2 Rd3 36.
Ne1 R3d6 37. Nc2 Rd3 38. Bg4 Ng7 39. Bh3 R3d6 40. g4 Ne6 41. Nfe3 Nf4+ 42. Kf2 Nxh3+ 43. Kg3 Nf4 44. Ra1 Ne2+ 45. Kf2 Nxc3 46. dxc3 Rd2+ 0-1

[Event "Early-Titled-Tuesday-Blitz-May-14-2024"]
[Site "Chess.com"]
[Date "2024.05.14"]
[Round "4"]
[White "laysa_latifah"]
[Black "TregubovP"]
[Result "0-1"]
[WhiteElo "2539"]
[BlackElo "2713"]
[TimeControl "180+1"]
[EndTime "8:41:19 PDT"]
[Termination "TregubovP won by resignation"]

1. e4 c5 2. Nf3 e6 3. c3 d5 4.
exd5 exd5 5. d4 Nc6 6. Bb5 Bd6 7. O-O Ne7 8. dxc5 Bxc5 9. Nbd2 O-O 10. Nb3 Bd6 11. Bg5 Bg4 12. h3 Bh5 13. Re1 Qc7 14. Be2 h6 15. Be3 Rad8 16. Nfd4 Bxe2 17. Qxe2 a6 18. Rad1 Ne5 19. Bc1 Nc4 20. Qg4 Ng6 21. Nf5 Rfe8 22. Nbd4 Bf8 23. h4 Rxe1+ 24. Rxe1 Kh8 25. h5 Nge5 26. Qg3 Re8 27. f4 f6 28.
fxe5 fxe5 29. Nf3 Qf7 30. N3h4 Qxh5 31. Ng6+ Kg8 32. Rf1 Bc5+ 33. Nd4 exd4 34. Nh4 dxc3+ 35. Kh1 cxb2 36. Bf4 Be7 37. Kg1 Qxh4 38. Qd3 Bc5+ 0-1

[Event "Early-Titled-Tuesday-Blitz-May-14-2024"]
[Site "Chess.com"]
[Date "2024.05.14"]
[Round "4"]
[White "juancruzarias"]
[Black "maximnovik"]
[Result "1-0"]
[WhiteElo "2698"]
[BlackElo "2528"]
[TimeControl "180+1"]
[EndTime "8:41:19 PDT"]
[Termination "juancruzarias won by checkmate"]

1. d4 Nf6 2. Nf3 g6 3. e3 Bg7 4.
Be2 d5 5. O-O O-O 6. b4 a5 7. b5 a4 8. Ba3 c6 9. Nc3 Re8 10.
bxc6 bxc6 11. Rb1 Bf5 12. Bd3 Bg4 13. h3 Bxf3 14. Qxf3 e5 15. Qd1 Nbd7 16. Re1 Qa5 17. Bb4 Qa7 18. dxe5 Nxe5 19. Ba3 Nfd7 20. Ne2 Rab8 21.
Qd2 Rxb1 22. Rxb1 Rb8 23. Qd1 Bf8 24. Bb2 a3 25. Bd4 Bc5 26. Rb3 Bxd4 27. exd4 Rxb3 28.
cxb3 Nxd3 29. Qxd3 Qa5 30. Qc3 Qa6 31. Qe3 Nf8 32. Nf4 Qc8 33. Nd3 Qf5 34. Nb4 Ne6 35. Qc3 Nf4 36. Qc2 Qg5 37. g3 Nxh3+ 38. Kh2 Qh5 39.
Nxc6 Ng5+ 40. Kg1 Qf3 41. Ne5 Qf6 42. Qc8+ Kg7 43. Nd7 Qf3 44. Qf8# 1-0

[Event "Early-Titled-Tuesday-Blitz-May-14-2024"]
[Site "Chess.com"]
[Date "2024.05.14"]
[Round "4"]
[White "youngdinousaur"]
[Black "SayonaraPonytail"]
[Result "1-0"]
[WhiteElo "2389"]
[BlackElo "2542"]
[TimeControl "180+1"]
[EndTime "8:41:19 PDT"]
[Termination "youngdinousaur won by resignation"]

1. d4 d5 2. Nf3 Nf6 3. Bf4 e6 4. e3 Bd6 5. Bg3 O-O 6. Bd3 c5 7. c3 Qc7 8. Ne5 Nbd7 9. f4 Ne4 10. Nd2 Nxd2 11. Qxd2 Nf6 12. Bh4 Ne4 13. Bxe4 dxe4 14.
Nc4 Be7 15. Bxe7 Qxe7 16. O-O Rd8 17. Qc2 b6 18. Nd2 Ba6 19. Rf2 Bd3 20. Qa4 Rac8 21. dxc5 Qxc5 22. Re1 b5 23. Qa5 Qd5 24. Nb3 Bc4 25.
Rd2 Qa8 26. Red1 Bd3 27. Nc1 g6 28. Nxd3 exd3 29. Qxb5 Rb8 30. Rxd3 Rxd3 31. Qxd3 Qc6 32. b3 h5 33. c4 Qa6 34. Rd2 Qa5 35. Kf2 h4 36. g3 hxg3+ 37. hxg3 Qh5 38. Qe4 Qh2+ 39.
Qg2 Qh5 40. e4 Qc5+ 41. Ke2 Kg7 42. Qf2 Qh5+ 43. Qf3 Qh2+ 44. Kd1 Rh8 45. Rxh2 Rxh2 46.
Qc3+ f6 47. e5 f5 48. c5 Rxa2 49. c6 g5 50. c7 1-0

[Event "Early-Titled-Tuesday-Blitz-May-14-2024"]
[Site "Chess.com"]
[Date "2024.05.14"]
[Round "4"]
[White "ernestina08chess"]
[Black "ProtectiveCarrot"]
[Result "0-1"]
[WhiteElo "2301"]
[BlackElo "2515"]
[TimeControl "180+1"]
[EndTime "8:41:19 PDT"]
[Termination "ProtectiveCarrot won by checkmate"]

1. e4 c6 2. d4 d5 3. e5 Bf5 4. h4 Qc7 5. Bd3 Bxd3 6. Qxd3 e6 7. Ne2 c5 8. c3 Nc6 9. a3 c4 10. Qg3 Nge7 11. Bg5 Nf5 12. Qf3 h5 13. Ng3 Nxg3 14. fxg3 Be7 15. O-O Bxg5 16. hxg5 g6 17. Qf6 Rf8 18. a4 Ne7 19. Na3 a6 20. Qf2 Nf5 21. Nc2 Qe7 22. Qf4 Kd7 23. Ne3 Nxe3 24. Qxe3 b5 25.
Rf6 b4 26. Raf1 Rab8 27. Qf2 Ke8 28. a5 bxc3 29. bxc3 Rb3 30. Qa2 Qd7 31. Qf2 Qe7 32. Qa2 Qa3 33. Qxa3 Rxa3 34. Rb1 Kd7 35. Rb7+ Kc6 36.
Rb6+ Kc7 37. Rxa6 Rxc3 38. Ra7+ Kc6 39. Raxf7 Rxf7 40. Rxf7 Ra3 41. Re7 c3 42. Rxe6+ Kb5 43. Rb6+ Kc4 44. e6 Rxa5 45. e7 Ra8 46. Rc6+ Kxd4 47. Rd6 c2 48. Rd8 c1=Q+ 49. Kh2 Ra1 50. g4 Qf4+ 51. Kh3 Rh1# 0-1

[Event "Early-Titled-Tuesday-Blitz-May-14-2024"]
[Site "Chess.com"]
[Date "2024.05.14"]
[Round "4"]
[White "wild3000"]
[Black "Sofia_Blokhin"]
[Result "1-0"]
[WhiteElo "2500"]
[BlackElo "2263"]
[TimeControl "180+1"]
[EndTime "8:41:19 PDT"]
[Termination "wild3000 won on time"]

1. e4 c5 2. Nf3 e6 3. g3 Nc6 4. Bg2 g6 5. O-O Bg7 6. c3 e5 7. d4 cxd4 8. cxd4 Nxd4 9. Nxd4 exd4 10. Na3 Ne7 11. Nb5 Qb6 12. a4 a6 13. Na3 Qc7 14.
Bf4 d6 15. Rc1 Nc6 16. Nc4 Be5 17. Bh6 Rg8 18. f4 Bh8 19. e5 dxe5 20. fxe5 Be6 21. Nd6+ Ke7 22. Nxb7 Qxb7 23. Rxc6 Qd7 24. Rd6 Qc7 25.
Qxd4 Rad8 26. Bg5+ f6 27. Rxf6 Bxf6 28. Bxf6+ Kf7 29.
Rxd8 Qc1+ 30. Qd1 Qc5+ 31. Rd4 Rb8 32. h4 Rb4 33. Kh2 Qxd4 34. Qf1 Rxb2 35. Bg5+ Kg8 36. Qf6 Rxg2+ 37. Kxg2 Bd5+ 38. Kh3 Qg1 39. Qd8+ Kg7 40. Qxd5 Qf1+ 41. Qg2 Qf5+ 42. Kh2 Qxe5 43. Bf4 Qa5 44. Qb2+ Kg8 45. Qb3+ Kg7 46. Kg2 1-0

[Event "Early-Titled-Tuesday-Blitz-May-14-2024"]
[Site "Chess.com"]
[Date "2024.05.14"]
[Round "4"]
[White "PonyQueen07"]
[Black "EvgenyBurmakin"]
[Result "0-1"]
[WhiteElo "2126"]
[BlackElo "2335"]
[TimeControl "180+1"]
[EndTime "8:41:19 PDT"]
[Termination "EvgenyBurmakin won on time"]

1. c4 Nf6 2. Nc3 g6 3. g3 Bg7 4. Bg2 O-O 5. e4 d6 6. Nge2 e5 7. O-O Nc6 8. d3 Nd7 9. f4 f5 10. a3 Nf6 11. h3 Be6 12. Be3 Qd7 13. Kh2 Rae8 14. Nd5 fxe4 15. dxe4 exf4 16. Nexf4 Ne5 17. Nxe6 Rxe6 18. b3 Ree8 19. Qd2 c6 20. Nxf6+ Rxf6 21. Rxf6 Bxf6 22. Rf1 Bg7 23. Bh6 Rf8 24. Rxf8+ Kxf8 25. Qf4+ Qf7 26. Bxg7+ Kxg7 27. Qd2 Qf6 28. Qc2 h5 29. c5 h4 30. gxh4 Qf4+ 31. Kg1 Qe3+ 32. Kh2 dxc5 33. Qb2 Qf4+ 34. Kg1 Kh6 35. Qe2 Qc1+ 36.
Kh2 Qf4+ 37. Kg1 Qxh4 38. Qe3+ Qg5 39. Qxc5 Nf3+ 40. Kf1 Qxc5 0-1

[Event "Early-Titled-Tuesday-Blitz-May-14-2024"]
[Site "Chess.com"]
[Date "2024.05.14"]
[Round "4"]
[White "IMRosen"]
[Black "BelyakovBogdan"]
[Result "1-0"]
[WhiteElo "2781"]
[BlackElo "2590"]
[TimeControl "180+1"]
[EndTime "8:41:20 PDT"]
[Termination "IMRosen won by resignation"]

1. e4 e5 2. Nf3 Nc6 3. g3 Nf6 4.
d3 d5 5. exd5 Nxd5 6. Bg2 Bc5 7.
O-O O-O 8. Nbd2 Bg4 9. h3 Bh5 10. c3 f5 11. a4 a5 12. Qb3 Kh8 13. Re1 Nb6 14. Nxe5 Nxe5 15. Rxe5 Bd6 16. Re1 f4 17. g4 Bg6 18. d4 Bf7 19. Qb5 c6 20. Qd3 Bd5 21. Nf3 Qd7 22. Bd2 Qf7 23. Rac1 h6 24. Bf1 Bc4 25. Qb1 Ba2 26. Qa1 Bd5 27. Bg2 Bb3 28.
Qb1 Ba2 29. Qe4 Bd5 30. Qb1 Ba2 31. Qa1 Bd5 32. Re2 Bc4 33. Re4 Bd5 34. Re5 Bxe5 35.
Nxe5 Qe6 36. Qb1 Bxg2 37. Kxg2 f3+ 38. Kg3 Nd5 39. Ng6+ Kg8 40. Nxf8 Rxf8 41. Re1 Qd6+ 42. Re5 Qg6 43. Qxg6 1-0

[Event "Early-Titled-Tuesday-Blitz-May-14-2024"]
[Site "Chess.com"]
[Date "2024.05.14"]
[Round "4"]
[White "vaishali2001"]
[Black "jup1978"]
[Result "1-0"]
[WhiteElo "2683"]
[BlackElo "2472"]
[TimeControl "180+1"]
[EndTime "8:41:20 PDT"]
[Termination "vaishali2001 won on time"]

1. e4 c6 2. Nc3 d5 3. Nf3 dxe4 4. Nxe4 Nf6 5. Qe2 Nxe4 6. Qxe4 Nd7 7. Bc4 Nf6 8. Ne5 e6 9. Qe2 b5 10. Bd3 Qc7 11.
b3 Nd5 12. g3 Be7 13. Bb2 Bf6 14. O-O-O a5 15. Nxc6 Bxb2+ 16. Kxb2 Bd7 17. Nd4 O-O 18. Nxb5 Qc5 19. Nc3 a4 20. Qe4 a3+ 21. Kb1 Nf6 22.
Qe3 Qb4 23. Rhe1 Rac8 24. Qf4 Qa5 25. Re5 Qc7 26. Re3 Qb6 27. Re5 Qc7 28. Ree1 Qb6 29. g4 Bc6 30. g5 Nd5 31. Nxd5 Bxd5 32. Re3 g6 33. Rh3 h5 34. gxh6 Kh7 35. Rg3 Qd8 36. Rdg1 Qe7 37. h4 1-0

[Event "Early-Titled-Tuesday-Blitz-May-14-2024"]
[Site "Chess.com"]
[Date "2024.05.14"]
[Round "4"]
[White "miragha_yev"]
[Black "nabukatnezarr"]
[Result "0-1"]
[WhiteElo "2799"]
[BlackElo "2618"]
[TimeControl "180+1"]
[EndTime "8:41:21 PDT"]
[Termination "nabukatnezarr won by resignation"]

1. b3 d6 2. Bb2 e5 3. g3 g6 4. Bg2 Bg7 5. c4 Nf6 6. d3 O-O 7. Nd2 Re8 8. Ngf3 Nbd7 9. O-O Nc5 10. b4 Ne6 11. a4 a5 12. b5 Rb8 13. e3 b6 14. Qc2 Bb7 15. e4 Nd7 16. Rfe1 Ndc5 17. Nb3 Nxb3 18. Qxb3 Rf8 19. Rad1 Qe7 20. d4 exd4 21.
Nxd4 Nxd4 22. Bxd4 Bxd4 23. Rxd4 Qf6 24. Qd3 Kg7 25.
e5 dxe5 26. Rd7 Bxg2 27. Kxg2 Rbd8 28. Qd5 Rxd7 29. Qxd7 Qd6 30. Qg4 Rd8 31. h4 h5 32.
Qg5 f6 33. Qe3 Qd4 34. Qe2 Qd3 35. Qa2 Rd4 36. Rc1 Qe4+ 37. Kg1 Qf3 38. Qc2 Re4 39. c5 Re2 40. Qxe2 Qxe2 41. cxb6 cxb6 42. Rc6 Qe1+ 43.
Kg2 Qe4+ 44. Kg1 Qd4 45. Kg2 e4 46. Kf1 e3 47. fxe3 Qxe3 48. Kg2 f5 49. Kh2 f4 50.
gxf4 Qxf4+ 51. Kh3 Qxa4 52. Rxb6 Qb3+ 53. Kh2 Qc2+ 54. Kh3 Qd3+ 55. Kg2 Qe2+ 56. Kh1 Qf3+ 57. Kh2 Qf2+ 58. Kh3 Qxb6 0-1

[Event "Early-Titled-Tuesday-Blitz-May-14-2024"]
[Site "Chess.com"]
[Date "2024.05.14"]
[Round "4"]
[White "h4parah5"]
[Black "Alonmindlin"]
[Result "1-0"]
[WhiteElo "3035"]
[BlackElo "2697"]
[TimeControl "180+1"]
[EndTime "8:41:23 PDT"]
[Termination "h4parah5 won by resignation"]

1. Nf3 Nf6 2. c4 e6 3. b3 c5 4. Bb2 Nc6 5. g3 Be7 6. Bg2 O-O 7. O-O d5 8. cxd5 exd5 9. d4 Bg4 10. dxc5 Bxc5 11.
Nc3 Re8 12. Rc1 Qd7 13. e3 Rad8 14. Na4 Be7 15. Nc5 Bxc5 16. Bxf6 Be7 17. Bxe7 Qxe7 18. h3 Bh5 19. g4 Bg6 20. Nd4 Be4 21. Rxc6 Bxg2 22.
Kxg2 bxc6 23. Nxc6 Qe4+ 24. f3 Qxe3 25. Nxd8 Rxd8 26. Re1 Qc3 27. Qxd5 Qc2+ 28. Kg3 Rf8 29. a4 g6 30. h4 Qc3 31. Kf2 Qc7 32. Kg2 Rd8 33. Qe5 Qc2+ 34. Re2 Qxb3 35. h5 Qd5 36. Qf6 gxh5 37. gxh5 Qd3 38. Re4 h6 39. Rg4+ Kf8 40.
Qxh6+ Ke7 41. Re4+ Kd7 42. Qg5 Qc2+ 43. Kh3 Kc8 44. Qf5+ Rd7 45. Re8+ 1-0